 Dungeon Crawl Stone Soup version 0.23-a0-358-g98c7a59ffc (webtiles) character file.

676 Mulqof the Slicer (level 7, -3/61 HPs)
             Began as a Kobold Berserker on Oct 23, 2018.
             Was a Priest of Trog.
             Slain by a yak (5 damage)
             ... on level 4 of the Dungeon.
             The game lasted 00:12:41 (4587 turns).

Mulqof the Slicer (Kobold Berserker)                Turns: 4587, Time: 00:12:42

Health: -3/61      AC:  8    Str: 17    XL:     7   Next: 91%
Magic:  9/9        EV: 15    Int:  8    God:    Trog [***...]
Gold:   174        SH:  0    Dex: 18    Spells: 6/6 levels left

rFire    + + .     SeeInvis .   a - +2 short sword (venom)
rCold    + . .     Gourm    .   (shield restricted)
rNeg     . . .     Faith    +   B - +3 leather armour of the Devil's Team {rF++ Str-4}
rPois    .         Spirit   .   x - +0 helmet
rElec    .         Reflect  .   t - -1 cloak
rCorr    .         Harm     .   o - +0 pair of gloves
MR       .....                  (no boots)
Stlth    ..........             d - amulet of faith
HPRegen  0.20/turn              v - ring of protection from cold
MPRegen  0.11/turn              s - +3 ring of dexterity

@: berserking, very quick
A: small, carnivore
a: Berserk, Trog's Hand, Renounce Religion


You were on level 4 of the Dungeon.
You worshipped Trog.
Trog was most pleased with you.
You were very full.

You visited 1 branch of the dungeon, and saw 5 of its levels.

You collected 174 gold pieces.

Inventory:

Hand Weapons
 a - a +2 short sword of venom (weapon)
 b - a +0 dagger of venom
 f - a +0 hunting sling
 C - a +1 rapier of speed
Missiles
 g - 18 poisoned needles
 l - 9 tomahawks (quivered)
Armour
 m - a +0 chain mail
 o - a +0 pair of gloves (worn)
 t - a -1 cloak (worn)
 x - a +0 helmet (worn)
 B - the +3 leather armour of the Devil's Team (worn) {rF++ Str-4}
   (You found it on level 5 of the Dungeon)

   It affects your strength (-4).
   It greatly protects you from fire.
Jewellery
 d - an amulet of faith (around neck)
 s - a +3 ring of dexterity (right hand)
 v - a ring of protection from cold (left hand)
Wands
 h - a wand of iceblast (8)
 A - a wand of flame (30)
Scrolls
 e - 5 scrolls of teleportation
 k - 2 scrolls of fear
 p - a scroll of blinking
 q - 2 scrolls of remove curse
 y - a scroll of fog {unknown}
 D - a scroll of noise {unknown}
Potions
 i - 2 potions of invisibility
 j - a potion of haste
 n - a potion of curing {unknown}
 r - a potion of heal wounds
 u - a potion of flight {unknown}
 w - a potion of brilliance {unknown}
 z - a potion of mutation
Comestibles
 c - 8 rations


   Skills:
 - Level 3.2 Fighting
 + Level 10.5 Short Blades
 - Level 1.5 Armour
 - Level 2.4 Dodging
 - Level 3.2 Evocations


You had 6 spell levels left.
You didn't know any spells.
Your spell library was empty.

Dungeon Overview and Level Annotations

Branches:
Dungeon (5/15)
 Temple: D:4-7

Altars:
Elyvilon
Ru
Trog
Wu Jian
Yredelemnul
The Shining One

Annotations:
D:5 Ijyb


Innate Abilities, Weirdness & Mutations

You are small and have problems with some larger weapons.
You are carnivorous and can eat meat at any time.


Message History

You climb upwards.
There is a stone staircase leading down here.
Use which ability? (? or * to list)
A red film seems to cover your vision as you go berserk!
You feel yourself moving faster!
You feel mighty!
You feel a lot less full. The yak gores you.
* * * LOW HITPOINT WARNING * * *
You puncture the yak!
The yak is lightly wounded.
The yak gores you!
* * * LOW HITPOINT WARNING * * *
You hit the yak.
The yak looks as sick as possible!
The yak is moderately wounded.
You are too berserk!
You hit the yak.
The yak looks as sick as possible!
The yak is heavily wounded.
You hit the yak.
The yak looks as sick as possible!
The yak is heavily wounded.
The yak gores you.
You die...

######### #........
#........
##########........
#@Y...............
####.########........
#...........'........
#.##.######.#......).
#.##.# #.#........
#.##.# #.#........
#.##.# #.#........
#.##.# #.#........
#.##.######.#........


You could see a yak.

Vanquished Creatures
  A yak (D:5)
  An ice beast (D:5)
  A phantom (D:4)
  A hound (D:4)
  A gnoll shaman (D:4)
  An iguana (D:5)
  2 worker ants
  7 gnolls
  5 adders
  A shadow imp (D:2)
  4 worms
  3 dart slugs
  3 leopard geckos
  4 orcs
  9 giant cockroaches
  2 goblins
  6 hobgoblins
  12 jackals
  9 kobolds
  A quokka (D:2)
  6 bats
  4 frilled lizards
  A jackal zombie (D:5)
  12 rats
97 creatures vanquished.

Notes
Turn   | Place    | Note
-------+----------+-------------------------------------------
     0 | D:1      | Mulqof the Kobold Berserker began the quest for the Orb.
     0 | D:1      | Reached XP level 1. HP: 14/14 MP: 1/1
   153 | D:1      | Reached XP level 2. HP: 17/19 MP: 2/2
   253 | D:1      | Reached skill level 5 in Short Blades
   382 | D:1      | Reached XP level 3. HP: 23/23 MP: 3/3
   988 | D:2      | Reached ** piety under Trog
   994 | D:2      | Found an ornate altar of the Wu Jian Council.
  1021 | D:2      | Reached skill level 6 in Short Blades
  1113 | D:2      | Reached XP level 4. HP: 28/28 MP: 4/4
  1213 | D:2      | Found a faded altar of an unknown god.
  1295 | D:2      | Found a white marble altar of Elyvilon.
  1297 | D:2      | Found a basalt altar of Yredelemnul.
  1297 | D:2      | Found a bloodstained altar of Trog.
  1297 | D:2      | Found a glowing golden altar of the Shining One.
  1305 | D:2      | Found a sacrificial altar of Ru.
  2039 | D:3      | Reached skill level 7 in Short Blades
  2039 | D:3      | Reached XP level 5. HP: 32/32 MP: 5/5
  3262 | D:4      | Reached skill level 8 in Short Blades
  3270 | D:4      | Reached *** piety under Trog
  3270 | D:4      | Reached XP level 6. HP: 37/37 MP: 6/6
  3296 | D:4      | Noticed a phantom
  3340 | D:4      | Killed a phantom
  3340 | D:4      | Reached skill level 9 in Short Blades
  3619 | D:4      | Reached XP level 7. HP: 39/41 MP: 7/7
  4073 | D:5      | Entered Level 5 of the Dungeon
  4254 | D:5      | Got a scorched leather armour
  4256 | D:5      | Identified the +3 leather armour of the Devil's Team {rF++
                  | Str-4} (You found it on level 5 of the Dungeon)
  4400 | D:5      | Reached skill level 10 in Short Blades
  4400 | D:5      | Reached skill level 1 in Evocations
  4550 | D:5      | Noticed a yak
  4551 | D:5      | Noticed a yak
  4551 | D:5      | Noticed a yak
  4551 | D:5      | Noticed a yak
  4554 | D:5      | Noticed Ijyb
  4574 | D:5      | Killed a yak
  4584 | D:4      | HP: 2/61 [yak (12)]
  4587 | D:4      | Slain by a yak

Vault maps used:
D:1:      dpeg_arrival_water_temple_mockup, kennysheep_decorative_pillar
D:2:      grunt_temple_overflow_open, chequers_ecumenical_altar_simple_redux,
          lemuel_altar_in_water
D:4:      first_ration
D:5:      grunt_tough_drop, uniq_crazy_yiuf_cottage, uniq_pikel, uniq_ijyb

Skill      XL: |  1  2  3  4  5  6  7 |
---------------+----------------------+-----
Short Blades   | 5 6 7 8 9 10 | 10.5
Evocations     | 3 |  3.2
Fighting       | |  3.2
Armour         | |  1.5
Dodging        | |  2.4

Action                   |  1- 3 |  4- 6 |  7- 9 || total
-------------------------+-------+-------+-------++-------
Melee: Short sword       |   119 |   154 |    40 ||   313
       Rapier            |       |       |    12 ||    12
Throw: Tomahawk          |     2 |    12 |     7 ||    21
Invok: Berserk           |       |       |     1 ||     1
Evoke: Wand              |       |       |     5 ||     5
  Use: Scroll            |     6 |     6 |     5 ||    17
  Eat: Chunk             |     9 |     7 |     3 ||    19
Armor: Animal skin       |     7 |       |       ||     7
       Ring mail         |    24 |    11 |     3 ||    38
       Leather armour    |       |       |     2 ||     2
Dodge: Dodged            |    95 |    75 |     6 ||   176

Table legend:
 A = Non-vault XP
 B = Vault XP
 C = Vault XP percentage of total XP
 D = Non-vault monster count
 E = Vault monster count
 F = Vault count percentage of total count
                 A         B        C        D         E       F
            +---------+---------+-------+---------+---------+-------
      Total |     967 |       0 |   0.0 |      97 |       0 |   0.0
            +---------+---------+-------+---------+---------+-------
        D:1 |      45 |       0 |   0.0 |      25 |       0 |   0.0
        D:2 |      69 |       0 |   0.0 |      19 |       0 |   0.0
        D:3 |     106 |       0 |   0.0 |      32 |       0 |   0.0
        D:4 |     332 |       0 |   0.0 |      12 |       0 |   0.0
        D:5 |     415 |       0 |   0.0 |       9 |       0 |   0.0
            +---------+---------+-------+---------+---------+-------
